AoeStats
← NuMa | JuanMan

Arabia

508254651Analyzed
1v1 RM · 11d ago on Sep 21, 2026· 39m 15s· 2 players
Game mode
Random Map
Map size
Tiny (2 player)
Population
200
Speed
Normal
Resources
Standard
Victory
Conquest
Starting age
Dark Age
Ending age
Imperial Age
RankedLock teamsTeams togetherTeam positionsShared explorationLock speedFull tech treeHidden civsTurbo modeCheats
Victory
Defeat
🇨🇴 Romans · Colombia
1608
+17
🇨🇱 Persians · Chile
1630
-17
NuMa | JuanMan
6:36 Loom
9:05 Feudal Age
9:21 Man-at-Arms
10:36 Scale Mail Armor
12:41 Double-Bit Axe
15:38 Padded Archer Armor
17:23 Horse Collar
25:01 Castle Age
23:43 Gold Mining
24:28 Forging
25:04 Long Swordsman
26:00 Chain Mail Armor
25:48 Squires
25:54 Elite Skirmisher
26:45 Heavy Plow
26:35 Pikeman
28:32 Iron Casting
PNAL | Pijelo
6:40 Loom
9:07 Feudal Age
10:41 Double-Bit Axe
15:02 Fletching
23:30 Castle Age
21:47 Padded Archer Armor
22:07 Bloodlines
22:15 Scale Barding Armor
23:25 Horse Collar
24:12 Bow Saw
24:00 Gold Mining
26:18 Husbandry
26:40 Chain Barding Armor
29:54 Forging
31:05 Elite Skirmisher
31:46 Bodkin Arrow
Connection lost

Rejoining the realm…

Still unreachable

The connection could not be restored.

Session expired

The server has moved on; the page needs a fresh start.